 Dungeon Crawl Stone Soup version 0.21-a0-361-g4efd3f9 (webtiles) character file.

243 4thArraOfDagon the Cutter (level 5, -4/38 HPs)
             Began as a Mummy Enchanter on Oct 13, 2017.
             Was an Initiate of Okawaru.
             Slain by an ogre
             ... wielding a +0 giant club
              (17 damage)
             ... on level 4 of the Dungeon.
             The game lasted 00:08:11 (1770 turns).

4thArraOfDagon the Cutter (Mummy Enchanter)         Turns: 1770, Time: 00:08:11

Health: -4/38      AC:  2    Str: 15    XL:     5   Next: 82%
Magic:  0/9        EV: 12    Int: 16    God:    Okawaru [......]
Gold:   60         SH:  0    Dex: 12    Spells: 3/9 levels left

rFire    x . .     SeeInvis .   l - +6 dagger "Piozo" {protect, Str+4}
rCold    + . .     Gourm    .   (no shield)
rNeg     + + +     Faith    .   b - +0 robe
rPois    ∞         Spirit   .   (no helmet)
rElec    .         Reflect  .   (no cloak)
rCorr    .         Harm     .   (no gloves)
MR       .....                  (no boots)
Stlth    ++........             (no amulet)
HPRegen  0.12/turn              (no ring)
MPRegen  0.11/turn              (no ring)

@: very slightly contaminated
A: no food or potions, fire vulnerability, cold resistance 1, negative energy
resistance 3, torment resistance, unbreathing
a: Renounce Religion


You were on level 4 of the Dungeon.
You worshipped Okawaru.
Okawaru was noncommittal.
You were not hungry.

You visited 1 branch of the dungeon, and saw 5 of its levels.

You collected 60 gold pieces.

Inventory:

Hand Weapons
 a - a +1 dagger
 l - the +6 dagger "Piozo" (weapon) {protect, Str+4}
   (You found it on level 4 of the Dungeon)

   It protects the one who uses it against injury (+AC on strike).
   It affects your strength (+4).
Armour
 b - a +0 robe (worn)
 f - a +2 chain mail of poison resistance
Magical Staves
 j - an uncursed staff of cold
Wands
 i - a wand of lightning (4/15)
Scrolls
 d - a scroll of enchant weapon {unknown}
 e - 2 scrolls of fog {unknown}
 g - 2 scrolls of remove curse {unknown}
 h - a scroll of identify {unknown}
 k - a scroll of teleportation {unknown}
 m - 2 scrolls of magic mapping {unknown}
Books
 c - a book of Maledictions

   Spells                             Type                      Level
   a - Corona                         Hexes                        1
   b - Ensorcelled Hibernation        Hexes/Ice                    2
   c - Confuse                        Hexes                        3
   d - Tukima's Dance                 Hexes                        3
   e - Dazzling Spray                 Conjuration/Hexes            3


   Skills:
 + Level 1.9 Fighting
 - Level 4.0 Short Blades
 + Level 2.3 Dodging
 - Level 2.4 Stealth
 - Level 2.6 Spellcasting
 - Level 2.6 Hexes
 + Level 0.4 Invocations


You had 3 spell levels left.
You knew the following spells:

 Your Spells              Type           Power        Failure   Level  Hunger
a - Corona                Hex            ##.....      6%          1    N/A
b - Ensorcelled Hibernat  Hex/Ice        #.....       17%         2    N/A
c - Confuse               Hex            ##......     19%         3    N/A

Dungeon Overview and Level Annotations

Branches:
Dungeon (5/15)
 Temple: D:4-7

Altars:
Nemelex Xobeh
Okawaru
Xom
The Shining One


Innate Abilities, Weirdness & Mutations

You do not eat or drink.
Your flesh is vulnerable to fire.
You are immune to poison.
Your flesh is cold resistant. (rC+)
You are immune to negative energy. (rN+++)
You are immune to unholy pain and torment.
You can survive without breathing.


Message History

Aim: an ogre, wielding a giant club (chance to defeat MR: 37%)
You miscast Ensorcelled Hibernation.
You are very lightly contaminated with residual magic.
Your skin tingles.
Casting: Ensorcelled Hibernation
Confirm with . or Enter, or press ? or * to list all spells.
Aiming: Ensorcelled Hibernation
Press: ? - help, Shift-Dir - straight line, f/p - ogre
Aim: an ogre, wielding a giant club (chance to defeat MR: 37%)
You miscast Ensorcelled Hibernation.
You hear a crackling sound.
The ogre hits you with a giant club!!
Ouch! That really hurt!
Casting: Ensorcelled Hibernation
Confirm with . or Enter, or press ? or * to list all spells.
Aiming: Ensorcelled Hibernation
Press: ? - help, Shift-Dir - straight line, f/p - ogre
Aim: an ogre, wielding a giant club (chance to defeat MR: 37%)
The ogre easily resists.
The ogre hits you with a giant club!
You die...

###########.###
#...........#
#.###########
#.# #.#
#######.#
#.....#.#
..##.....#.#
......O@.#.###
##...........#
#.#.....#.#.#
#.......#.#
####.##.# #
#.##.# #.##..
#.##...
#.##....


You could see an ogre.

Vanquished Creatures
  An ogre (D:4)
  An orc priest (D:3)
  An orc wizard (D:3)
  A worker ant (D:4)
  A hound skeleton (D:4)
  2 adders (D:3)
  An adder skeleton (D:4)
  A worm (D:3)
  2 leopard geckos (D:2)
  6 orcs (D:3)
  4 giant cockroaches
  5 goblins
  A hobgoblin (D:3)
  A kobold (D:2)
  A quokka (D:3)
  4 bats
  2 frilled lizards
  7 rats
42 creatures vanquished.

Notes
Turn   | Place    | Note
-------+----------+-------------------------------------------
     0 | D:1      | 4thArraOfDagon the Mummy Enchanter began the quest for the Orb.
     0 | D:1      | Reached XP level 1. HP: 13/13 MP: 4/4
    97 | D:2      | Reached skill level 1 in Short Blades
   122 | D:2      | Found a glowing golden altar of the Shining One.
   196 | D:2      | Found a sparkling altar of Nemelex Xobeh.
   331 | D:2      | Reached XP level 2. HP: 10/19 MP: 2/5
   337 | D:2      | Learned a level 2 spell: Ensorcelled Hibernation
   623 | D:4      | Reached skill level 2 in Short Blades
   741 | D:4      | Found a shimmering altar of Xom.
   741 | D:4      | Found a shimmering altar of Xom.
   742 | D:4      | Found a shimmering altar of Xom.
   743 | D:4      | Found a shimmering altar of Xom.
   743 | D:4      | Found a shimmering altar of Xom.
   794 | D:2      | Reached XP level 3. HP: 24/24 MP: 7/7
   910 | D:3      | Reached skill level 3 in Short Blades
   944 | D:3      | Reached XP level 4. HP: 23/30 MP: 6/8
   973 | D:3      | Learned a level 3 spell: Confuse
  1117 | D:4      | Noticed an ogre
  1127 | D:4      | Got a dazzling dagger
  1128 | D:4      | Identified the +6 dagger "Piozo" {protect, Str+4} (You found it on level 4 of the Dungeon)
  1155 | D:4      | Killed an ogre
  1155 | D:4      | Reached skill level 1 in Fighting
  1155 | D:4      | Reached XP level 5. HP: 25/37 MP: 1/9
  1242 | D:3      | Found an iron altar of Okawaru.
  1254 | D:3      | Became a worshipper of Warmaster Okawaru
  1713 | D:4      | Reached skill level 4 in Short Blades
  1764 | D:5      | Entered Level 5 of the Dungeon
  1764 | D:5      | Noticed an ogre
  1770 | D:4      | Slain by an ogre

Vault maps used:
D:1:      evilmike_arrival_plus, serial_bayou_pond_c, kennysheep_doodads
D:2:      nicolae_overflow_crystal_walls, lemuel_round_altar,
          cheibriados_altar_1, chequers_temple_overflow_minitemple,
          minmay_lizard_king
D:3:      first_bread, okawaru_metal_pillars_1_2
D:4:      xom_redecorated, serial_forest, infiniplex_forest_clump_small,
          infiniplex_forest_end_2, infiniplex_forest_clump_diagonal,
          infiniplex_forest_clump_small, infiniplex_forest_lined_2,
          infiniplex_forest_clump_small, serial_shops, nicolae_shop_trees
D:5:      serial_shops, nicolae_shop_statue_plus

Skill      XL: |  1  2  3  4  5 |
---------------+----------------+-----
Short Blades   | 1 2 3 4 |  4.0
Fighting       | 1 |  1.9
Dodging        | 2 |  2.3
Stealth        | |  2.4
Spellcasting   | |  2.6
Hexes          | |  2.6
Invocations    | |  0.4

Action                   |  1- 3 |  4- 6 || total
-------------------------+-------+-------++-------
Melee: Dagger            |    74 |    63 ||   137
 Cast: Corona            |     6 |     1 ||     7
       Ensorcelled Hiber |     7 |    12 ||    19
       Confuse           |       |     2 ||     2
 Stab: Sleeping          |     8 |     6 ||    14
       Confused          |       |     1 ||     1
Armor: Robe              |     7 |     9 ||    16
Dodge: Dodged            |    34 |    35 ||    69

Table legend:
 A = Spawn XP
 B = Non-spawn XP
 C = Spawn XP percentage of total XP
 D = Spawn monster count
 E = Non-spawn monster count
 F = Spawn count percentage of total count
 G = Total turns spent on level
                    A         B        C        D         E        F      G
               +---------+---------+-------+---------+---------+-------+---------
         Total |       0 |     348 |   0.0 |       0 |      42 |   0.0 |  1770
               +---------+---------+-------+---------+---------+-------+---------
           D:1 |       0 |       5 |   0.0 |       0 |       4 |   0.0 |   238
           D:2 |       0 |      18 |   0.0 |       0 |      10 |   0.0 |   395
           D:3 |       0 |     147 |   0.0 |       0 |      24 |   0.0 |   849
           D:4 |       0 |     178 |   0.0 |       0 |       4 |   0.0 |   285
               +---------+---------+-------+---------+---------+-------+---------
